 Dungeon Crawl Stone Soup version 0.23.0 (webtiles) character file.

Game seed: 7446018840481425339

487892 matthes123 the Swordmaster (level 23, -27/238 HPs)
             Began as a Minotaur Fighter on Feb 10, 2019.
             Was the Champion of Okawaru.
             Annihilated by a titanic slime creature (50 damage)
             ... on level 5 of the Pits of Slime.
             The game lasted 01:47:28 (57876 turns).

matthes123 the Swordmaster (Minotaur Fighter)      Turns: 57876, Time: 01:47:29

Health: -27/238    AC: 31    Str: 30    XL:     23   Next: 82%
Magic:  26/26      EV: 16    Int:  5    God:    Okawaru [******]
Gold:   2657       SH:  0    Dex: 14    Spells: 22/22 levels left

rFire    + . .     SeeInvis .   G - +9 triple sword (vamp)
rCold    + . .     Gourm    .   (shield currently unavailable)
rNeg     . . .     Faith    .   T - +3 gold dragon scales
rPois    +         Spirit   .   X - +1 hat {MR+}
rElec    .         Reflect  +   O - scarf {repulsion}
rCorr    +         Harm     .   Z - +1 pair of gloves {Dex+3}
MR       ++...                  P - +1 pair of boots {Stlth+}
Stlth    ..........             M - +3 amulet of reflection
HPRegen  0.49/turn              I - +5 ring of protection
MPRegen  0.20/turn              N - ring of resist corrosion

@: confused, corroded, very slightly contaminated, repel missiles
A: retaliatory headbutt, hooves 2, horns 2, rugged brown scales 1, low mp 1,
poison resistance, wild magic 1
}: 2/15 runes: decaying, serpentine
a: Heroism, Finesse, Renounce Religion


You were on level 5 of the Pits of Slime.
You worshipped Okawaru.
Okawaru was exalted by your worship.
You were not hungry.

You visited 9 branches of the dungeon, and saw 46 of its levels.
You also visited: Ossuary.

You collected 5429 gold pieces.
You spent 2772 gold pieces at shops.

Inventory:

Hand Weapons
 G - a +9 vampiric triple sword (weapon)
 Q - the +10 triple sword of Wondrous Power {flame, +Blink MP-9 Dex+3}
   (Okawaru gifted it to you on level 1 of the Orcish Mines)

   It has been specially enchanted to burn those struck by it, causing extra
   injury to most foes and up to half again as much damage against particularly
   susceptible opponents.
   Big, fiery blades are also staple armaments of hydra-hunters.
   It affects your dexterity (+3).
   It affects your magic capacity (-9).
   It lets you blink.
Armour
 F - a +5 plate armour of cold resistance
 J - the +1 hat of the Harp {rF+}
   (Okawaru gifted it to you on level 2 of the Lair of Beasts)

   It protects you from fire.
 O - a scarf of repulsion (worn)
 P - a +1 pair of boots of stealth (worn)
 T - +3 gold dragon scales (worn)
 X - a +1 hat of magic resistance (worn)
 Z - a +1 pair of gloves of dexterity (worn)
Jewellery
 q - an uncursed ring of poison resistance
 D - a +4 ring of protection
 I - a +5 ring of protection (left hand)
 M - a +3 amulet of reflection (around neck)
 N - a ring of resist corrosion (right hand)
 R - a +6 ring of strength
Wands
 a - a wand of iceblast (11)
 m - a wand of flame (51)
 r - a wand of enslavement (14)
 u - a wand of disintegration (55)
 x - a wand of polymorph (25)
 B - a wand of paralysis (38)
 H - a wand of digging (11)
 L - a wand of acid (40)
Scrolls
 e - 2 scrolls of holy word
 g - 10 scrolls of amnesia
 j - 20 scrolls of remove curse
 k - 12 scrolls of identify
 p - 7 scrolls of magic mapping
 v - 9 scrolls of immolation
 w - 4 scrolls of enchant weapon
 y - 4 scrolls of fog
 z - 13 scrolls of teleportation
 A - a scroll of silence
 E - a scroll of blinking
 S - 4 scrolls of fear
 U - 2 scrolls of brand weapon
Potions
 b - 4 potions of flight
 c - a potion of mutation
 d - 11 potions of might
 h - 7 potions of brilliance
 l - 2 potions of berserk rage
 n - 6 potions of magic
 s - 3 potions of agility
 t - 9 potions of curing
 C - 14 potions of lignification
 K - 3 potions of resistance
 V - 3 potions of haste
Comestibles
 f - 59 rations


   Skills:
 + Level 24.5 Fighting
 O Level 27 Long Blades
   Level 7.7 Axes
 * Level 21.8 Armour
 + Level 16.4 Dodging
   Level 6.2 Shields
 - Level 10.0 Invocations


You had 22 spell levels left.
You didn't know any spells.
Your spell library contained the following spells:

 Spells                   Type           Power        Failure   Level  Hunger
 Beastly Appendage        Tmut           #.....       99%         1    ##.....
 Flame Tongue             Conj/Fire      #....        99%         1    ##.....
 Freeze                   Ice            #...         99%         1    ##.....
 Sandblast                Erth           #.....       99%         1    ##.....
 Corpse Rot               Necr           N/A          100%        2    ###....
 Passwall                 Tmut/Erth      #.......     100%        2    ###....
 Poisonous Vapours        Pois/Air       #.....       100%        2    ###....
 Sticks to Snakes         Tmut           #.......     100%        2    ###....
 Swiftness                Chrm/Air       #.......     100%        2    ###....
 Throw Flame              Conj/Fire      #.....       100%        2    ###....
 Throw Frost              Conj/Ice       #.....       100%        2    ###....
 Conjure Flame            Conj/Fire      #.......     100%        3    ####...
 Inner Flame              Hex/Fire       #.......     100%        3    ####...
 Mephitic Cloud           Conj/Pois/Air  #.......     100%        3    ####...
 Ozocubu's Armour         Chrm/Ice       #.......     100%        3    ####...
 Spider Form              Tmut/Pois      #.........   100%        3    ####...
 Stone Arrow              Conj/Erth      #.....       100%        3    ####...
 Ice Form                 Ice/Tmut       #.......     100%        4    #####..
 Leda's Liquefaction      Hex/Erth       #.........   100%        4    #####..
 Passage of Golubria      Tloc           N/A          100%        4    #####..
 Petrify                  Tmut/Erth      #.......     100%        4    #####..
 Sticky Flame             Conj/Fire      #.......     100%        4    #####..
 Summon Ice Beast         Ice/Summ       #.......     100%        4    #####..
 Throw Icicle             Conj/Ice       #.......     100%        4    #####..
 Blade Hands              Tmut           #.........   100%        5    ######.
 Fireball                 Conj/Fire      #.........   100%        5    ######.
 Lee's Rapid Deconstruct  Erth           #.........   100%        5    ######.
 Summon Forest            Summ/Tloc      #.........   100%        5    ######.
 Darkness                 Hex            #.........   100%        6    #######
 Freezing Cloud           Conj/Ice/Air   #.........   100%        6    #######
 Hydra Form               Tmut           #.........   100%        6    #######
 Invisibility             Hex            #.......     100%        6    #######
 Ring of Flames           Chrm/Fire      #.........   100%        7    #######
 Summon Hydra             Summ           #.........   100%        7    #######


Dungeon Overview and Level Annotations

Branches:
Dungeon (15/15)            Temple (1/1) D:6            Lair (6/6) D:10
  Swamp (4/4) Lair:2        Snake (4/4) Lair:2        Slime (5/5) Lair:5
    Orc (2/2) D:9             Elf (0/3) Orc:2        Vaults (4/5) D:13
  Crypt (0/3) Vaults:3     Depths (5/5) D:15            Zot (0/5) Depths:5

Altars:
Ashenzari
Cheibriados
Elyvilon
Fedhas
Hepliaklqana
Kikubaaqudgha
Okawaru
Ru
Trog
Uskayaw
Vehumet
Wu Jian
Yredelemnul
Zin
The Shining One
Beogh

Shops:
D:4 (   D:5 [   D:14 *   Orc:2 }[:(*   Snake:2 !=[[   Vaults:3 (   Depths:1 =}}
Depths:5 (

Portals:
Hell: Depths:1 Depths:2 Depths:3 Depths:4 Depths:5
Abyss: Depths:1 Depths:4 Depths:5
Pandemonium: Depths:3 Depths:5
Ziggurat: Depths:5

Annotations:
Lair:2 3 runed translucent doors, Dominolapin's ghost, journeyman VSEn; Haxyobbu's ghost, journeyman MiFi; Reubyar's ghost, journeyman MiBe; Xudgha's ghost, journeyman MiFi


Innate Abilities, Weirdness & Mutations

You reflexively headbutt those who attack you in melee.
You have a pair of horns on your head.
You have hoof-like feet.
You are partially covered in rugged brown scales. (AC +1, +3% HP)
Your magical capacity is low. (-10% MP)
Your system is resistant to poisons. (rPois)
Your spells are a little harder to cast, but a little more powerful.


Message History

You feel better.
The titanic slime creature is lightly wounded.
Unknown command.
You bump into the rune-carved stone wall.
The slime creature misses you. The titanic slime creature hits you!
The floating eye gazes piercingly through you!
You suddenly lose the ability to move!
The slime creature hits you! The titanic slime creature hits you!!!
The slime creature hits you but does no damage.
The titanic slime creature hits you! The slime creature hits you!
The titanic slime creature hits you!!!
* * * LOW HITPOINT WARNING * * *
A great orb of eyes comes into view.
You can move again.
Unknown command.
Unknown command.
You closely miss the slime creature. You headbutt the slime creature!
The slime creature is moderately wounded.
The slime creature barely misses you. The titanic slime creature hits you!!!
You die...

##......................
#...<...................
........................
........................
........................
........................
.................G......
..............##.#..##..
............####@####
..........### #JJ#
.........## ##G#
.........# #GG#
.......###%|$)?G.J.[|$}(#
.......# #|!)[......!)!$#
........ ##%?.)....}.)$##
##..........##
...........J..


You could see a great orb of eyes, a titanic slime creature, 2 slime creatures,
a shining eye and a floating eye.

Vanquished Creatures
  the Royal Jelly (Slime:5)
  An ancient lich (Depths:3)
  Mennas (Depths:2)
  A juggernaut (Depths:5)
  Xtahua (Depths:2)
  2 golden dragons
  4 tentacled monstrosities
  Rupert (Lair:3)
  5 liches
  Asterion (Depths:3)
  3 sphinxes
  16 acid blobs
  A quicksilver dragon (Depths:5)
  A titan (Depths:4)
  Frances (Swamp:1)
  2 draconian monks (Depths:5)
  5 tengu reavers
  Agnes (D:14)
  An azure jelly (shapeshifter) (Depths:4)
  3 thorn hunters
  A storm dragon (Depths:5)
  5 azure jellies
  A shadow dragon (Depths:4)
  7 nagarajas
  5 frost giants
  7 vault wardens
  A balrug (Depths:1)
  2 fire giants
  Louise (Swamp:4)
  A deep elf elementalist (Depths:5)
  A ghoul (Vaults:3)
  A reaper (Depths:3)
  2 war gargoyles
  A spriggan defender (Depths:4)
  8 ironheart preservers
  2 green draconians (Depths:5)
  3 stone giants
  21 very ugly things
  3 vampire knights
  2 entropy weavers
  A deep elf demonologist (Vaults:4)
  2 grey draconians (Depths:5)
  A deep elf annihilator (Vaults:4)
  8 spark wasps
  2 red draconians (Depths:5)
  A dire elephant (D:15)
  2 purple draconians (Depths:5)
  Snorg (D:12)
  4 eidola (Depths:2)
  4 ettins
  A blizzard demon (Depths:1)
  3 jiangshi (Depths:2)
  10 yaktaur captains
  Fannar (Orc:1)
  11 ogre magi
  8 death oozes
  2 merfolk impalers (Depths:1)
  4 rakshasas
  2 deep elf death magi
  9 great orbs of eyes
  9 fire dragons
  A hell beast (Depths:5)
  7 vault guards
  9 ghost crabs
  21 hydras
  12 naga warriors
  3 catoblepae (Lair:6)
  10 ice dragons
  4 anacondas
  4 spriggan air magi
  13 centaur warriors
  A shambling mangrove (Swamp:4)
  2 dancing weapons (Depths:2)
  2 death knights
  52 two-headed ogres
  8 deep troll shamans
  14 alligators
  7 deep troll earth magi
  11 tengu warriors
  2 vampire magi (Depths:2)
  12 death yaks
  10 orc high priests (Orc:2)
  15 naga sharpshooters
  3 spriggan berserkers
  Nergalle (D:12)
  3 shock serpents
  5 deep elf knights
  Sonja (Orc:1)
  3 iron trolls
  9 spriggans
  A soul eater (Depths:2)
  10 skeletal warriors
  2 sun demons (Depths:1)
  A shadow wraith (Depths:2)
  A salamander mystic (Snake:3)
  A sixfirhy (Depths:5)
  14 hell knights
  2 unseen horrors
  13 deep trolls
  6 sea snakes (Snake:3)
  A spectral anaconda (Depths:2)
  4 spriggan druids (Swamp:2)
  6 flayed ghosts
  5 glowing orange brains
  9 wizards
  5 naga ritualists
  8 orc knights
  14 swamp dragons
  2 orange crystal statues (Depths:2)
  10 ironbrand convokers
  A deep elf archer (Vaults:1)
  4 harpies (Vaults:4)
  A necromancer (Vaults:4)
  9 mana vipers
  5 wolf spider zombies
  A swamp dragon (shapeshifter) (Depths:4)
  4 manticores
  11 phantasmal warriors
  4 deep elf magi
  A tengu zombie (Vaults:4)
  6 cyclopes
  51 ugly things
  5 wolf spiders
  3 salamanders
  A shadow dragon skeleton (Vaults:4)
  3 shining eyes
  14 elephants
  14 vault sentinels
  A torpor snail (shapeshifter) (Depths:3)
  3 rust devils
  5 apocalypse crabs (Swamp:2)
  An orange demon (Depths:5)
  16 black mambas
  2 eyes of devastation (Slime:5)
  2 centaur skeletons
  A guardian serpent (Snake:3)
  2 human skeletons (Vaults:4)
  3 smoke demons
  15 spiny frogs
  Psyche (D:12)
  A torpor snail (Lair:6)
  24 naga magi
  4 gargoyles
  5 spectral swamp worms (Depths:5)
  A spiny frog (shapeshifter) (Vaults:1)
  A kobold demonologist (D:15)
  38 yaktaurs
  2 komodo dragons (shapeshifter) (Vaults:2)
  6 freezing wraiths
  7 komodo dragons
  2 rime drakes
  8 ice devils
  A red devil (Depths:4)
  5 tengu conjurers
  6 trolls
  3 meliai (D:15)
  A meliai (shapeshifter) (Vaults:4)
  5 polar bears
  A tyrant leech (shapeshifter) (Depths:4)
  2 polar bears (shapeshifter)
  11 tyrant leeches
  12 hornets
  105 slime creatures
  12 hippogriffs
  A raiju (Depths:2)
  28 blink frogs
  A blink frog (shapeshifter) (Vaults:3)
  A frost giant simulacrum (Vaults:3)
  A hornet (shapeshifter) (Vaults:4)
  A hippogriff (shapeshifter) (Depths:2)
  11 bog bodies
  3 redbacks (Vaults:3)
  A meliai zombie (D:14)
  2 vampires
  16 water elementals
  9 wyverns
  7 shadows
  3 basilisks
  16 wraiths
  2 ynoxinuls
  5 hungry ghosts
  40 yaks
  A yaktaur simulacrum (Vaults:4)
  13 golden eyes
  A deep troll zombie (Vaults:4)
  A redback simulacrum (D:12)
  16 vampire mosquitoes
  15 insubstantial wisps (Swamp:3)
  34 nagas
  7 acid dragons
  2 soldier ants (D:10)
  18 swamp worms
  14 wargs
  16 water moccasins
  4 hell hounds (Depths:2)
  A floating eye (Depths:2)
  A spectral spriggan (Depths:2)
  12 porcupines
  2 spectral trolls (Depths:2)
  15 swamp drakes
  7 ice beasts
  21 orc warriors
  3 black bears
  2 phantoms
  20 boggarts
  23 centaurs
  5 eyes of draining
  26 ogres
  24 wolves
  11 crocodiles
  A big kobold (D:8)
  16 bullfrogs
  2 elf zombies
  2 gnoll sergeants
  A wyvern skeleton (D:8)
  6 scorpions
  A water moccasin skeleton (D:4)
  2 spectral nagas (Depths:2)
  5 spectral ogres (Depths:2)
  4 wights
  30 killer bees
  An orc simulacrum (Vaults:1)
  2 howler monkeys
  A human simulacrum (Vaults:3)
  5 electric eels
  4 centaur zombies
  2 spectral centaurs (Depths:2)
  19 crimson imps
  3 quasits (Depths:5)
  A bullfrog zombie (D:5)
  3 hounds
  5 jellies
  39 orc priests
  18 orc wizards
  A bullfrog skeleton (D:5)
  4 iguanas
  12 worker ants
  A troll simulacrum (Depths:2)
  A big kobold zombie (Ossuary)
  A centaur simulacrum (Depths:2)
  3 hound zombies
  2 hound skeletons
  A howler monkey zombie (D:9)
  4 mummies (Ossuary)
  A worker ant zombie (D:5)
  2 howler monkey skeletons
  13 gnolls
  A naga simulacrum (Depths:2)
  25 adders
  3 shadow imps
  7 white imps (Depths:1)
  An ufetubus (Depths:5)
  23 oozes
  4 adder zombies
  3 adder skeletons
  7 worms
  11 dart slugs
  7 leopard geckos
  86 orcs
  2 bat zombies (D:5)
  5 giant cockroaches
  3 goblins
  9 hobgoblins
  18 jackals
  5 quokkas
  A ball python (D:1)
  9 bats
  6 frilled lizards
  A gnoll zombie (Ossuary)
  A goblin zombie (Ossuary)
  A jackal skeleton (D:5)
  2 jackal zombies (Ossuary)
  15 kobolds
  A leopard gecko skeleton (D:4)
  2 orc zombies (Ossuary)
  2 quokka skeletons
  16 rats
  A rat zombie (D:5)
  A briar patch (Swamp:4)
  A fungus (Depths:2)
  A plant (Depths:2)
1989 creatures vanquished.

Vanquished Creatures (others)
  A fire giant (Depths:3)
  An ironheart preserver (Vaults:4)
  A fire dragon (Depths:5)
  A two-headed ogre (Vaults:3)
  A necromancer (Vaults:4)
  A black mamba (Lair:5)
  A hornet (Swamp:4)
  A slime creature (Lair:5)
  An insubstantial wisp (Swamp:3)
  A swamp worm (Swamp:3)
  A swamp drake (Swamp:1)
  A boggart (Vaults:1)
  A wolf (Depths:2)
  2 orc wizards
  A briar patch (Swamp:4)
  25 fungi
  8 plants
  2 withered plants (Lair:2)
51 creatures vanquished.

Grand Total: 2040 creatures vanquished

Notes
Turn   | Place    | Note
-------+----------+-------------------------------------------
     0 | D:1      | matthes123 the Minotaur Fighter began the quest for the
                  | Orb.
     0 | D:1      | Reached XP level 1. HP: 19/19 MP: 0/0
    78 | D:1      | Reached XP level 2. HP: 20/27 MP: 1/1
   235 | D:1      | Reached XP level 3. HP: 32/33 MP: 2/2
   739 | D:2      | Reached XP level 4. HP: 41/41 MP: 3/3
   986 | D:2      | Reached skill level 5 in Axes
  1473 | D:2      | Reached skill level 5 in Fighting
  1473 | D:2      | Reached XP level 5. HP: 48/48 MP: 4/4
  1769 | D:3      | Found a faded altar of an unknown god.
  2381 | D:4      | Reached XP level 6. HP: 53/56 MP: 5/5
  3071 | D:4      | Reached XP level 7. HP: 63/63 MP: 6/6
  3072 | D:4      | Found Caokhle's Antique Weapon Shop.
  3076 | D:4      | Bought a brightly glowing long sword for 170 gold pieces
  3076 | D:4      | Identified the +4 long sword of Quick Death {venom, +Blink}
                  | (You bought it in a shop on level 4 of the Dungeon)
  3345 | D:5      | Entered Level 5 of the Dungeon
  3373 | D:5      | Reached skill level 1 in Long Blades
  3425 | D:5      | Reached skill level 2 in Long Blades
  3482 | D:5      | Found Kiob's Antique Armour Shop.
  3503 | D:5      | Reached skill level 3 in Long Blades
  3981 | D:5      | Reached skill level 4 in Long Blades
  4005 | D:5      | Reached skill level 5 in Long Blades
  4133 | D:5      | Reached XP level 8. HP: 67/73 MP: 7/7
  4162 | D:5      | Found an ancient bone altar of Kikubaaqudgha.
  4529 | D:6      | Reached skill level 6 in Long Blades
  4618 | D:6      | Reached skill level 7 in Long Blades
  4906 | D:6      | Found a staircase to the Ecumenical Temple.
  4921 | Temple   | Entered the Ecumenical Temple
  5044 | Temple   | Became a worshipper of Warmaster Okawaru
  5268 | D:6      | Reached skill level 8 in Long Blades
  5495 | D:7      | Reached XP level 9. HP: 67/82 MP: 8/8
  5634 | D:7      | Reached skill level 9 in Long Blades
  6624 | D:8      | Found a sand-covered staircase.
  6629 | Ossuary  | Entered an ossuary
  6648 | Ossuary  | Reached * piety under Okawaru
  6935 | Ossuary  | Reached skill level 10 in Long Blades
  6996 | Ossuary  | Identified a scroll of acquirement
  7368 | D:8      | Reached skill level 10 in Fighting
  7675 | D:8      | Reached skill level 11 in Long Blades
  7947 | D:8      | Noticed a two-headed ogre
  7966 | D:8      | Killed a two-headed ogre
  7966 | D:8      | Reached ** piety under Okawaru
  7966 | D:8      | Reached XP level 10. HP: 73/94 MP: 6/9
  8317 | D:9      | Reached skill level 12 in Long Blades
  8526 | D:9      | Found a staircase to the Orcish Mines.
  8597 | D:9      | Reached *** piety under Okawaru
  9205 | D:9      | Found the +10 large shield of Ignorance {rN+ Int-4}
  9281 | D:9      | Noticed a two-headed ogre
  9304 | D:9      | Killed a two-headed ogre
  9304 | D:9      | Reached **** piety under Okawaru
  9304 | D:9      | Reached skill level 13 in Long Blades
  9499 | D:10     | Entered Level 10 of the Dungeon
  9720 | D:10     | Reached skill level 1 in Invocations
 10004 | D:10     | Noticed a death yak
 10004 | D:10     | Noticed a death yak
 10483 | D:5      | Bought a runed plate armour for 572 gold pieces
 10969 | D:10     | Found a staircase to the Lair.
 11143 | D:10     | Killed a death yak
 11143 | D:10     | Reached ***** piety under Okawaru
 11143 | D:10     | Reached XP level 11. HP: 81/104 MP: 11/11
 11164 | D:10     | Killed a death yak
 11164 | D:10     | Reached skill level 14 in Long Blades
 11164 | D:10     | Reached skill level 5 in Shields
 11384 | D:10     | Noticed a death yak
 11409 | D:10     | Killed a death yak
 11889 | Lair:1   | Entered Level 1 of the Lair of Beasts
 11937 | Lair:1   | Received a gift from Okawaru
 11947 | Lair:1   | Got a faintly glowing great sword {god gift}
 11953 | Lair:1   | Identified the +3 great sword of Ulofuq {slice, +Rage
                  | Dex+7} (Okawaru gifted it to you on level 1 of the Lair of
                  | Beasts)
 11964 | Lair:1   | Noticed a wolf spider
 11984 | Lair:1   | Killed a wolf spider
 11984 | Lair:1   | Reached skill level 5 in Invocations
 12550 | Lair:1   | Noticed a five-headed hydra
 12552 | Lair:1   | Killed a five-headed hydra
 13671 | Lair:2   | Found a staircase to the Snake Pit.
 13688 | Lair:2   | Reached XP level 12. HP: 81/113 MP: 16/16
 13767 | Lair:2   | Received a gift from Okawaru
 13767 | Lair:2   | Reached skill level 15 in Long Blades
 13770 | Lair:2   | Got a steaming hat {god gift}
 14028 | Lair:2   | Identified the +1 hat of the Harp {rF+} (Okawaru gifted it
                  | to you on level 2 of the Lair of Beasts)
 14369 | Lair:2   | Found a runed translucent gate.
 14370 | Lair:2   | Reached skill level 16 in Long Blades
 14370 | Lair:2   | Reached XP level 13. HP: 122/122 MP: 16/18
 14371 | Lair:2   | Reached XP level 14. HP: 129/129 MP: 16/19
 14372 | Lair:2   | Found a runed translucent gate.
 14373 | Lair:2   | Found a runed translucent gate.
 14374 | Lair:2   | Noticed Haxyobbu's ghost (journeyman MiFi)
 14375 | Lair:2   | Noticed Dominolapin's ghost (journeyman VSEn)
 14375 | Lair:2   | Noticed Xudgha's ghost (journeyman MiFi)
 14375 | Lair:2   | Noticed Reubyar's ghost (journeyman MiBe)
 14377 | Lair:2   | Found the +9 heavy crossbow "Sniper" {velocity, Acc+∞ SInv}
 14669 | Lair:2   | Found a staircase to the Swamp.
 15869 | Lair:3   | Noticed Rupert
 15887 | Lair:3   | Killed Rupert
 15887 | Lair:3   | Reached skill level 10 in Armour
 15887 | Lair:3   | Reached skill level 10 in Invocations
 16449 | Lair:4   | Reached skill level 1 in Dodging
 17819 | Lair:5   | Received a gift from Okawaru
 18212 | Lair:5   | Found a staircase to the Slime Pits.
 18486 | Lair:6   | Entered Level 6 of the Lair of Beasts
 18914 | Lair:6   | Reached skill level 17 in Long Blades
 18934 | Lair:6   | Reached skill level 5 in Dodging
 19069 | Lair:6   | Reached XP level 15. HP: 117/139 MP: 21/21
 19529 | Lair:6   | Reached skill level 15 in Fighting
 20617 | Orc:1    | Entered Level 1 of the Orcish Mines
 20619 | Orc:1    | Noticed Sonja
 20625 | Orc:1    | Killed Sonja
 21078 | Orc:1    | Noticed Fannar
 21096 | Orc:1    | Killed Fannar
 21096 | Orc:1    | Received a gift from Okawaru
 21100 | Orc:1    | Got a polished triple sword {god gift}
 21101 | Orc:1    | Identified the +10 triple sword of Wondrous Power {flame,
                  | +Blink MP-9 Dex+3} (Okawaru gifted it to you on level 1 of
                  | the Orcish Mines)
 21188 | Orc:2    | Entered Level 2 of the Orcish Mines
 21242 | Orc:2    | Found a staircase to the Elven Halls.
 21713 | Orc:2    | Found Ranotodd's Gadget Boutique.
 21713 | Orc:2    | Found Oroa's Antique Armour Emporium.
 22125 | Orc:2    | Found Seseec's Book Boutique.
 22142 | Orc:2    | Found Sesoofej's Weapon Emporium.
 22440 | Orc:2    | Found Isexzat's Assorted Antiques.
 22470 | Orc:2    | Bought a potion of heal wounds for 155 gold pieces
 22759 | Orc:2    | Found a roughly hewn altar of Beogh.
 23262 | D:11     | Received a gift from Okawaru
 23724 | D:12     | Noticed Snorg
 23732 | D:12     | Killed Snorg
 23732 | D:12     | Reached skill level 18 in Long Blades
 24317 | D:12     | Noticed Psyche
 24322 | D:12     | Killed Psyche
 24463 | D:12     | Found a glowing golden altar of the Shining One.
 24587 | D:12     | Reached XP level 16. HP: 144/151 MP: 13/22
 24778 | D:12     | Noticed Nergalle
 24788 | D:12     | Killed Nergalle
 25174 | D:13     | Received a gift from Okawaru
 25188 | D:13     | Found a gate to the Vaults.
 25364 | D:13     | Reached skill level 10 in Dodging
 25401 | D:13     | Gained mutation: You are dopey. (Int -2) [a neqoxec]
 25537 | D:13     | Found a frozen archway.
 25610 | D:13     | Reached ****** piety under Okawaru
 25915 | D:14     | Lost mutation: You are dopey. (Int -2) [potion of mutation]
 25915 | D:14     | Gained mutation: You have large cloven feet. [potion of
                  | mutation]
 25915 | D:14     | Gained mutation: Scrolls take you a little longer to read.
                  | [potion of mutation]
 25915 | D:14     | Gained mutation: You are somewhat resistant to further
                  | mutation. [potion of mutation]
 25915 | D:14     | Gained mutation: You have hoof-like feet. [potion of
                  | mutation]
 25922 | D:14     | Lost mutation: You are somewhat resistant to further
                  | mutation. [potion of mutation]
 25922 | D:14     | Lost mutation: Scrolls take you a little longer to read.
                  | [potion of mutation]
 25922 | D:14     | Gained mutation: You can translocate small distances at
                  | will. [potion of mutation]
 25925 | D:14     | Found Zusy's Assorted Antiques.
 25941 | D:14     | Bought a scroll labeled TASCHI XOHO for 26 gold pieces
 25941 | D:14     | Bought a potion of heal wounds for 130 gold pieces
 25941 | D:14     | Bought a scroll of amnesia for 91 gold pieces
 25941 | D:14     | Bought a scroll of identify for 52 gold pieces
 26226 | D:14     | Noticed Agnes
 26230 | D:14     | Killed Agnes
 26953 | D:15     | Entered Level 15 of the Dungeon
 26965 | D:15     | Received a gift from Okawaru
 27554 | D:15     | Found a staircase to the Depths.
 27815 | Snake:1  | Entered Level 1 of the Snake Pit
 28516 | Snake:2  | Received a gift from Okawaru
 29326 | Snake:2  | Found Fazxolisi's Armour Boutique.
 29329 | Snake:2  | Found Winigh's Antique Armour Boutique.
 29329 | Snake:2  | Found Herif's Distillery.
 29334 | Snake:2  | Found Uheum's Jewellery Shop.
 29337 | Snake:2  | Bought a runed plate armour for 962 gold pieces
 29355 | Snake:2  | Bought a potion of heal wounds for 70 gold pieces
 30105 | Snake:3  | Reached XP level 17. HP: 118/161 MP: 14/23
 30242 | Snake:3  | Found a hide-covered altar of Uskayaw.
 30244 | Snake:3  | Reached skill level 19 in Long Blades
 30344 | Snake:3  | Received a gift from Okawaru
 30603 | Snake:3  | Reached skill level 15 in Armour
 31480 | Snake:4  | Entered Level 4 of the Snake Pit
 33351 | Snake:4  | Received a gift from Okawaru
 34363 | Snake:4  | Got a serpentine rune of Zot
 34763 | Swamp:1  | Entered Level 1 of the Swamp
 35365 | Swamp:1  | Noticed Frances
 35375 | Swamp:1  | Killed Frances
 36074 | Swamp:1  | Reached XP level 18. HP: 100/172 MP: 15/24
 37072 | Swamp:2  | Received a gift from Okawaru
 37087 | Swamp:2  | Identified the +2 scale mail of Plasticity {Dex+4} (You
                  | found it on level 2 of the Swamp)
 37103 | Swamp:2  | Found a runed translucent door.
 37582 | Swamp:2  | Paralysed by you for 7 turns
 38174 | Swamp:3  | Reached skill level 20 in Long Blades
 38574 | Swamp:4  | Entered Level 4 of the Swamp
 39172 | Swamp:4  | Received a gift from Okawaru
 39490 | Swamp:4  | Noticed Louise
 39537 | Swamp:4  | Killed Louise
 40002 | Swamp:4  | Got a decaying rune of Zot
 40054 | Swamp:4  | Paralysed by a hornet for 1 turns
 40900 | Vaults:1 | Entered Level 1 of the Vaults
 40913 | Vaults:1 | Reached skill level 21 in Long Blades
 41504 | D:13     | Received a gift from Okawaru
 41773 | Vaults:1 | Reached XP level 19. HP: 183/183 MP: 16/25
 42281 | Vaults:1 | Received a gift from Okawaru
 42282 | Vaults:1 | Found the +15 Maxwell's patent armour {-Cast -Tele rElec
                  | MR+ rCorr}
 42850 | Vaults:2 | Reached skill level 22 in Long Blades
 44177 | Vaults:3 | Found Qatistreicu's Antique Weapon Boutique.
 44580 | Vaults:3 | Reached skill level 23 in Long Blades
 44639 | Vaults:3 | Received a gift from Okawaru
 45340 | Vaults:3 | Reached XP level 20. HP: 171/195 MP: 11/26
 45342 | Vaults:3 | Received a gift from Okawaru
 45347 | Vaults:3 | Found a staircase to the Crypt.
 46112 | Vaults:4 | Reached skill level 24 in Long Blades
 46634 | Vaults:4 | Received a gift from Okawaru
 47640 | Vaults:4 | Reached skill level 25 in Long Blades
 48385 | Depths:1 | Entered Level 1 of the Depths
 48963 | Depths:1 | Found a gateway to Hell.
 49056 | Depths:1 | Reached XP level 21. HP: 206/206 MP: 18/27
 49140 | Depths:1 | Found Qonauref's Jewellery Shoppe.
 49140 | Depths:1 | Found Nuheuwudu's Gadget Shop.
 49141 | Depths:1 | Found Gezump's Gadget Shop.
 49175 | Depths:1 | Found a one-way gate to the infinite horrors of the Abyss.
 49590 | Depths:2 | Received a gift from Okawaru
 50221 | Depths:3 | Noticed Xtahua
 50244 | Depths:3 | Noticed Mennas
 50249 | Depths:3 | Reached skill level 26 in Long Blades
 50257 | Depths:2 | Killed Xtahua
 50295 | Depths:2 | Killed Mennas
 50372 | Depths:2 | Received a gift from Okawaru
 50522 | Depths:3 | Noticed Asterion
 50531 | Depths:3 | Killed Asterion
 50549 | Depths:3 | Found a one-way gate leading to the halls of Pandemonium.
 51398 | Depths:2 | Noticed an ancient lich
 51410 | Depths:3 | Killed an ancient lich
 51566 | Depths:2 | Received a gift from Okawaru
 51591 | Depths:2 | Reached skill level 27 in Long Blades
 51965 | Depths:2 | You fall through a shaft!
 52446 | Depths:2 | Reached XP level 22. HP: 220/220 MP: 28/28
 52922 | Depths:4 | Received a gift from Okawaru
 53030 | Depths:4 | Noticed a golden dragon
 53042 | Depths:4 | Killed a golden dragon
 54215 | Depths:5 | Entered Level 5 of the Depths
 54215 | Depths:5 | Found a gateway to a ziggurat.
 54249 | Depths:5 | Found Qasuxt's Weapon Shop.
 54305 | Depths:5 | Received a gift from Okawaru
 54365 | Depths:5 | Reached skill level 15 in Dodging
 54521 | Depths:5 | Reached XP level 23. HP: 229/229 MP: 29/29
 54581 | Depths:5 | Noticed a juggernaut
 54595 | Depths:5 | Killed a juggernaut
 55292 | Depths:5 | Received a gift from Okawaru
 55390 | Depths:5 | Found a gate to the Realm of Zot.
 55725 | Depths:5 | Found a hazy altar of Hepliaklqana.
 56127 | Snake:2  | Bought an uncursed ring of resist corrosion for 320 gold
                  | pieces
 56218 | Slime:1  | Entered Level 1 of the Pits of Slime
 56925 | Slime:4  | Gained mutation: Your magical capacity is low. (-10% MP) [a
                  | shining eye]
 56957 | Slime:5  | Entered Level 5 of the Pits of Slime
 57016 | Slime:3  | Gained mutation: You are dopey. (Int -2) [a shining eye]
 57022 | Slime:3  | Gained mutation: Armour fits poorly on your strangely
                  | shaped body. [a shining eye]
 57025 | Slime:3  | Gained mutation: You are frail. (-10% HP) [a shining eye]
 57033 | Slime:3  | Lost mutation: Your magical capacity is low. (-10% MP)
                  | [potion of mutation]
 57033 | Slime:3  | Lost mutation: You are dopey. (Int -2) [potion of mutation]
 57033 | Slime:3  | Gained mutation: You expend magic power (3 MP) to
                  | strengthen your wands. [potion of mutation]
 57145 | Snake:2  | Bought a potion of mutation for 112 gold pieces
 57145 | Snake:2  | Bought a potion of mutation for 112 gold pieces
 57145 | Snake:2  | Lost mutation: You can translocate small distances at will.
                  | [potion of mutation]
 57145 | Snake:2  | Lost mutation: You expend magic power (3 MP) to strengthen
                  | your wands. [potion of mutation]
 57145 | Snake:2  | Lost mutation: You are frail. (-10% HP) [potion of
                  | mutation]
 57145 | Snake:2  | Lost mutation: Armour fits poorly on your strangely shaped
                  | body. [potion of mutation]
 57145 | Snake:2  | Gained mutation: You are partially covered in rugged brown
                  | scales. (AC +1, +3% HP) [potion of mutation]
 57145 | Snake:2  | Gained mutation: Your spells are a little harder to cast,
                  | but a little more powerful. [potion of mutation]
 57145 | Snake:2  | Gained mutation: Your system is resistant to poisons.
                  | (rPois) [potion of mutation]
 57702 | Slime:5  | Noticed the Royal Jelly
 57715 | Slime:5  | Killed the Royal Jelly
 57830 | Slime:5  | Paralysed by a floating eye for 2 turns
 57837 | Slime:5  | Gained mutation: Your magical capacity is low. (-10% MP) [a
                  | shining eye]
 57838 | Slime:5  | Paralysed by a floating eye for 2 turns
 57843 | Slime:5  | Paralysed by a floating eye for 3 turns
 57848 | Slime:5  | Paralysed by a floating eye for 4 turns
 57850 | Slime:5  | HP: 9/238 [acid (6)]
 57872 | Slime:5  | Paralysed by a floating eye for 4 turns
 57876 | Slime:5  | Annihilated by a titanic slime creature

Skill      XL: |  1  2  3  4  5  6  7  8  9 10 11 12 13 14 15 16 17 18 19 20 21 22 23 |
---------------+----------------------------------------------------------------------+-----
Axes           | 3 4 5 6 7 |  7.7
Fighting       | 4 5 6 7 8 10 11 12 13 14 16 17 18 19 20 21 23 24 | 24.5
Long Blades    | 5 8 11 13 14 16 17 18 19 21 23 25 27 | 27.0
Shields        | 4 6 |  6.2
Invocations    | 2 6 9 10 | 10.0
Armour         | 9 11 13 14 16 17 20 21 | 21.8
Dodging        | 5 9 12 13 15 16 | 16.4

Action                   |  1- 3 |  4- 6 |  7- 9 | 10-12 | 13-15 | 16-18 | 19-21 | 22-24 || total
-------------------------+-------+-------+-------+-------+-------+-------+-------+-------++-------
Melee: War axe           |    57 |   208 |       |       |       |       |       |       ||   265
       Headbutt          |     7 |    39 |    51 |    96 |   222 |   338 |   381 |   333 ||  1467
       Long sword        |       |       |   304 |   331 |       |       |       |       ||   635
       Great sword       |       |       |       |   116 |   463 |       |       |       ||   579
       Triple sword      |       |       |       |       |   291 |  1154 |  1116 |   901 ||  3462
Throw: Throwing net      |       |       |     1 |     1 |       |       |       |       ||     2
Invok: Heroism           |       |       |     1 |     4 |     9 |    10 |    15 |    11 ||    50
       Finesse           |       |       |       |     2 |     8 |     8 |    12 |     9 ||    39
Evoke: Wand              |       |       |       |     4 |     5 |       |       |     1 ||    10
  Use: Scroll            |       |     9 |    10 |     6 |     4 |    24 |    13 |     6 ||    72
       Potion            |       |       |     1 |     4 |     3 |     9 |     2 |    13 ||    32
 Stab: Held in net/web   |       |       |       |     1 |       |       |       |       ||     1
       Confused          |       |       |       |       |       |     1 |       |       ||     1
  Eat: Chunk             |       |     7 |    15 |    13 |    31 |    12 |    18 |     3 ||    99
       Ration            |       |       |       |     3 |     1 |    13 |     7 |     4 ||    28
Armor: Scale mail        |    29 |    73 |   146 |    64 |       |       |       |       ||   312
       Plate armour      |       |       |       |   164 |   521 |   718 |   524 |   356 ||  2283
       Gold dragon scale |       |       |       |       |       |       |       |   296 ||   296
Dodge: Dodged            |    17 |    48 |    92 |    91 |   399 |   846 |   754 |   704 ||  2951
       Deflected         |       |       |       |       |     4 |   106 |    58 |    45 ||   213
Block: Shield            |    30 |   114 |   157 |   145 |       |       |       |       ||   446
       Other             |       |       |       |       |    65 |   132 |   117 |    83 ||   397
       Reflection        |       |       |       |       |     1 |    14 |     8 |       ||    23
       Rpst.: Long sword |       |       |    28 |     8 |       |       |       |       ||    36
       Great sword       |       |       |       |    15 |    58 |       |       |       ||    73
       Triple sword      |       |       |       |       |    30 |   146 |   149 |    96 ||   421
